 Dungeon Sprint DCSS version 0.31-a0-18-gea43df2a32 (webtiles) character file.

Game seed: 1572190796220000755

10994 sircluck the Brawler (level 11, -10/120 HPs)
             Began as a Troll Berserker on May 11, 2023.
             Was the Champion of Trog.
             Killed from afar by a deep elf zephyrmancer (27 damage)
             ... with a bolt of lightning
             ... in the Dungeon (Sprint III: "The Ten Rune Challenge").
             The game lasted 00:07:11 (1393 turns).

sircluck the Brawler (Troll Berserker)              Turns: 1393, Time: 00:07:12

Health: -10/120    AC:  6    Str: 31    XL:     11   Next: 43%
Magic:  10/10      EV: 13    Int:  3    God:    Trog [******]
Gold:   3022       SH:  0    Dex:  9    Spells: 10/10 levels left

rFire   + .          .
                       - Unarmed
rCold   . . .        (no shield)
rNeg    . . .        o - +1 robe {rF+}
rPois   .            (helmet restricted)
rElec   .            h - +0 cloak {rCorr}
rCorr   +            (gloves unavailable)
SInv    .            (boots unavailable)
Will    .....        (no amulet)
Stlth   +++          (no ring)
HPRegen 1.20/turn    (no ring)
MPRegen 0.12/turn

%: no teleportation
@: no status effects
A: large, unfitting armour, claws 3, regeneration 1, shaggy fur 1, tough skin 1
a: Renounce Religion, Berserk, Trog's Hand, Brothers in Arms


You were in the Dungeon.
You worshipped Trog.
Trog was exalted by your worship.
You visited 1 branch You collected 3022 gold pieces.

Inventory:

Missiles
 p - 7 curare-tipped darts (quivered)
Armour
 a - a +0 animal skin
 h - a +0 cloak of preservation (worn)
 o - a +1 robe of fire resistance (worn)
Scrolls
 g - a scroll of blinking
 j - 4 scrolls of poison {unknown}
 k - a scroll of identify {unknown}
 m - a scroll of magic mapping {unknown}
Potions
 b - 2 potions of curing
 c - 2 potions of heal wounds
 d - a potion of haste
 e - 3 potions of magic
 f - a potion of berserk rage
 i - 3 potions of mutation {unknown}
 l - 2 potions of flight
Miscellaneous
 n - a box of beasts


   Skills:
 + Level 11.3 Fighting
 + Level 12.1 Dodging
 + Level 5.2 Stealth
 + Level 19.9 Unarmed Combat
 + Level 1.0 Evocations


You had 10 spell levels left.
You didn't know any spells.
Your spell library was empty.

Dungeon Overview and Level Annotations

Branches:
Dungeon (1/1)

Altars:
Cheibriados
Dithmenos
Elyvilon
Fedhas
Gozag
Hepliaklqana
Kikubaaqudgha
Makhleb
Nemelex Xobeh
Okawaru
Qazlal
Ru
Sif Muna
Trog
Uskayaw
Vehumet
Wu Jian
Xom
Yredelemnul
Zin
The Shining One
Jiyva
Lugonu

Shops:
D =


Innate Abilities, Weirdness & Mutations

You are too large for most types of armour.
You have claws for hands.
Your natural rate of healing is unusually fast.
You are covered in fur. (AC +1)
You have tough skin. (AC +1)


Message History

Unknown command.
You barely miss the fire elemental. You eviscerate the fire elemental!!!
You destroy the fire elemental!
The fire elemental disappears in a puff of smoke!
You scratch the deep elf pyromancer but do no damage.
You barely miss the deep elf pyromancer.
You claw the deep elf pyromancer!!
The deep elf pyromancer is heavily wounded.
The deep elf pyromancer gestures wildly while chanting.
The deep elf pyromancer blinks!
Unknown command.
You mangle the fire elemental!! Your claw misses the fire elemental.
The fire elemental is heavily damaged.
The fire elemental barely misses you.
You eviscerate the fire elemental!!!
You destroy the fire elemental!
The fire elemental disappears in a puff of smoke!
Unknown command.
You see here a +0 short sword.
You are too injured to fight recklessly!
The deep elf pyromancer misses you.
The deep elf zephyrmancer points at you and mumbles some strange words.
The bolt of lightning hits you!!
There is a broken door, spattered with blood here.
Unknown command.
The deep elf pyromancer attacks as you move away!
The deep elf pyromancer misses you.
You see here a +0 short sword.
You claw the deep elf pyromancer!
The deep elf pyromancer is severely wounded.
You mangle the deep elf pyromancer!!
You kill the deep elf pyromancer!
Trog accepts your kill.
Trog appreciates your killing of a magic user.
The deep elf zephyrmancer gestures at you while chanting.
The bolt of lightning hits you!!
* * * LOW HITPOINT WARNING * * *
The bolt of lightning hits you!!
You die...

##### #############
_#__######.∩#.)'.#...# .
)#)_#.........##)#...##≈≈
##'##........###.#...≈≈≈e
....#))......# #@#...##≈
....#)##.#.### #)'e..#
###'#..#..## #######
#...#'###########################
#...#..~~~'.#.'...'.#.#.#.)††.~≈#
#...#.#§§~#)#.#.).##.#.#)##†..~≈#
#...'.#.§.#.#.#)).#.#.#.#.#...~≈≈
'...#.#§).#...#...##.#.#.##...~~~
▓▓▓▓▓▓▓▓▓▓▓▓▓▓▓▓▓▓#.#.#.#.#......


You could see a deep elf zephyrmancer.

Vanquished Creatures
  Sigmund (D)
  Josephine (D)
  A centaur warrior (D)
  An orc high priest (D)
  3 deep elf pyromancers (D)
  An orc knight (D)
  2 deep elf zephyrmancers (D)
  2 cane toads (D)
  Edmund (D)
  An unseen horror (D)
  A komodo dragon (D)
  2 wandering mushrooms (D)
  A queen bee (D)
  A shadow (D)
  A spatial vortex (D)
  4 orc warriors (D)
  2 centaurs (D)
  An earth elemental (D)
  A necrophage (D)
  A water elemental (D)
  3 killer bees (D)
  Crazy Yiuf (D)
  An orc priest (D)
  A jelly (D)
  Jessica (D)
  A wizard (D)
  A necromancer (D)
  An orc wizard (D)
  3 humans (D)
  A kobold demonologist (D)
  10 orcs (D)
  An endoplasm (D)
  2 rats (D)
  A ballistomycete spore (D)
57 creatures vanquished.

Vanquished Creatures (collateral kills)
  A wandering mushroom (D)
  29 killer bees (D)
30 creatures vanquished.

Grand Total: 87 creatures vanquished

Notes
Turn   | Place    | Note
-------+----------+-------------------------------------------
     0 | D        | sircluck the Troll Berserker began the quest for the Orb.
     0 | D        | Reached XP level 1. HP: 22/22 MP: 0/0
    10 | D        | Noticed Jessica
    13 | D        | Killed Jessica
    13 | D        | Reached ** piety under Trog
    14 | D        | Reached skill level 4 in Unarmed Combat
    14 | D        | Reached XP level 2. HP: 32/32 MP: 1/1
    16 | D        | Reached XP level 3. HP: 39/39 MP: 2/2
    43 | D        | Reached skill level 5 in Unarmed Combat
    56 | D        | Noticed Crazy Yiuf
    63 | D        | Killed Crazy Yiuf
    63 | D        | Reached *** piety under Trog
    64 | D        | Reached skill level 1 in Stealth
    64 | D        | Reached XP level 4. HP: 49/49 MP: 3/3
   106 | D        | Noticed a water elemental
   115 | D        | Killed a water elemental
   116 | D        | Reached skill level 5 in Fighting
   116 | D        | Reached skill level 6 in Unarmed Combat
   228 | D        | Found a basalt altar of Yredelemnul.
   228 | D        | Found a shadowy altar of Dithmenos.
   228 | D        | Found a sacrificial altar of Ru.
   228 | D        | Noticed a necrophage
   237 | D        | Killed a necrophage
   238 | D        | Reached skill level 5 in Dodging
   238 | D        | Reached skill level 7 in Unarmed Combat
   238 | D        | Reached XP level 5. HP: 39/59 MP: 4/4
   261 | D        | Found a radiant altar of Vehumet.
   261 | D        | Found a shimmering blue altar of Sif Muna.
   261 | D        | Found an ancient bone altar of Kikubaaqudgha.
   262 | D        | Reached **** piety under Trog
   263 | D        | Reached skill level 8 in Unarmed Combat
   280 | D        | Found a hide-covered altar of Uskayaw.
   280 | D        | Found an iron altar of Okawaru.
   280 | D        | Found a bloodstained altar of Trog.
   280 | D        | Found an ornate altar of the Wu Jian Council.
   280 | D        | Noticed a human
   281 | D        | Noticed a human
   292 | D        | Killed a human
   293 | D        | Reached skill level 9 in Unarmed Combat
   293 | D        | Reached XP level 6. HP: 68/68 MP: 5/5
   296 | D        | Killed a human
   297 | D        | Reached skill level 10 in Unarmed Combat
   297 | D        | Reached XP level 7. HP: 78/78 MP: 6/6
   311 | D        | Found a glowing silver altar of Zin.
   311 | D        | Found a glowing golden altar of the Shining One.
   311 | D        | Found a white marble altar of Elyvilon.
   408 | D        | Noticed a deep elf pyromancer
   417 | D        | Killed a deep elf pyromancer
   417 | D        | Reached ***** piety under Trog
   418 | D        | Reached skill level 11 in Unarmed Combat
   454 | D        | Noticed a shadow
   456 | D        | Killed a shadow
   457 | D        | Reached skill level 12 in Unarmed Combat
   457 | D        | Reached XP level 8. HP: 87/88 MP: 7/7
   465 | D        | Found a blossoming altar of Fedhas.
   465 | D        | Found a stormy altar of Qazlal.
   465 | D        | Found a snail-covered altar of Cheibriados.
   465 | D        | Found a burning altar of Makhleb.
   465 | D        | Found a shimmering altar of Xom.
   466 | D        | Found a hazy altar of Hepliaklqana.
   466 | D        | Found an opulent altar of Gozag.
   466 | D        | Found a sparkling altar of Nemelex Xobeh.
   466 | D        | Found a corrupted altar of Lugonu.
   466 | D        | Found a viscous altar of Jiyva.
   524 | D        | Noticed Josephine
   532 | D        | Killed Josephine
   533 | D        | Reached skill level 13 in Unarmed Combat
   604 | D        | Received a gift from Trog
   605 | D        | Reached XP level 9. HP: 24/97 MP: 8/8
   676 | D        | Noticed a centaur warrior
   682 | D        | Killed a centaur warrior
   683 | D        | Reached skill level 14 in Unarmed Combat
   689 | D        | Reached skill level 15 in Unarmed Combat
   799 | D        | Killed an unseen horror
   811 | D        | Noticed a wandering mushroom
   826 | D        | Noticed a wandering mushroom
   828 | D        | Killed a wandering mushroom
   831 | D        | Noticed a wandering mushroom
   844 | D        | Reached ****** piety under Trog
   849 | D        | Noticed a cane toad
   849 | D        | Noticed a komodo dragon
   849 | D        | Noticed a cane toad
   852 | D        | Killed a cane toad
   852 | D        | Received a gift from Trog
   853 | D        | Reached skill level 16 in Unarmed Combat
   857 | D        | Killed a cane toad
   858 | D        | Reached XP level 10. HP: 107/110 MP: 9/9
   860 | D        | Reached skill level 10 in Dodging
   893 | D        | Reached skill level 10 in Fighting
   897 | D        | Identified the +4 giant club of Ebeduc {flame, rElec rC++
                  | rCorr Str-2} (Trog gifted it to you in the Dungeon)
   897 | D        | Received a gift from Trog
   903 | D        | Reached skill level 17 in Unarmed Combat
   904 | D        | Received a gift from Trog
   935 | D        | Received a gift from Trog
   996 | D        | Noticed Sigmund
   996 | D        | Noticed Edmund
  1108 | D        | Killed Edmund
  1117 | D        | Killed Sigmund
  1117 | D        | Received a gift from Trog
  1118 | D        | Reached skill level 18 in Unarmed Combat
  1118 | D        | Reached XP level 11. HP: 40/119 MP: 10/10
  1156 | D        | Noticed a yaktaur captain
  1227 | D        | Found Kona's Jewellery Emporium.
  1227 | D        | Noticed an orc knight
  1227 | D        | Noticed an orc high priest
  1239 | D        | Killed an orc high priest
  1240 | D        | Reached skill level 19 in Unarmed Combat
  1240 | D        | Received a gift from Trog
  1241 | D        | Reached skill level 5 in Stealth
  1255 | D        | Killed an orc knight
  1258 | D        | Identified the +8 quick blade "Dragonbane" {flame, Dex+3}
                  | (Trog gifted it to you in the Dungeon)
  1258 | D        | Received a gift from Trog
  1339 | D        | Noticed a deep elf zephyrmancer
  1339 | D        | Noticed a deep elf zephyrmancer
  1339 | D        | Noticed a deep elf pyromancer
  1339 | D        | Noticed a deep elf zephyrmancer
  1339 | D        | Noticed a deep elf pyromancer
  1352 | D        | Killed a deep elf zephyrmancer
  1363 | D        | Killed a deep elf zephyrmancer
  1372 | D        | Killed a deep elf pyromancer
  1373 | D        | Reached skill level 1 in Evocations
  1375 | D        | Noticed a deep elf high priest
  1393 | D        | Killed a deep elf pyromancer
  1393 | D        | Killed from afar by a deep elf zephyrmancer

Illustrated notes

Levels and vault maps discovered:
D:        dungeon_sprint_mu [sprint_mu_entry_forest, sprint_mu_temple_rooms,
          sprint_mu_d1_horrors, sprint_mu_d2_genie, sprint_mu_d3_branching,
          sprint_mu_orc_legion, sprint_mu_elf_gauntlet, sprint_mu_hive_nellie,
          sprint_mu_lair_fedhas, sprint_mu_vaults_butterflies,
          sprint_mu_slime_circle, sprint_mu_swamp_cave, sprint_mu_shoals_kraken,
          sprint_mu_blade_basic, sprint_mu_crypt_fortress,
          sprint_mu_tomb_spiral, sprint_mu_vestibule_basic,
          sprint_mu_gehenna_hellfire, sprint_mu_dis_giant,
          sprint_mu_tartarus_statrot, sprint_mu_cocytus_islands, sprint_mu_zot1]

Skill      XL: |  1  2  3  4  5  6  7  8  9 10 11 |
---------------+----------------------------------+-----
Fighting       | 3 4 5 6 7 8 9 10 11 | 11.3
Dodging        | 3 4 5 6 7 8 9 11 12 | 12.1
Unarmed Combat | 4 5 7 9 10 12 13 16 18 19 | 19.9
Stealth        | 1 2 3 4 5 |  5.2
Evocations     | 1 |  1.0

Action                     |  1- 3 |  4- 6 |  7- 9 | 10-12 || total
---------------------------+-------+-------+-------+-------++-------
  Melee: Unarmed           |    16 |    33 |    63 |    93 ||   205
         Punch             |       |       |     5 |     8 ||    13
 Invoke: Berserk           |       |     2 |     1 |     1 ||     4
         Brothers in Arms  |       |       |       |     2 ||     2
  Evoke: Box of beasts     |       |       |     1 |       ||     1
    Use: Potion            |       |       |       |     1 ||     1
   Stab: Sleeping          |     2 |       |       |       ||     2
         Distracted        |       |       |     1 |       ||     1
 Armour: Animal skin       |       |     3 |     1 |       ||     4
         Robe              |       |       |    21 |    14 ||    35
  Dodge: Dodged            |     5 |     9 |    30 |    42 ||    86

Table legend: (Time is in decaauts)
 A = Elapsed time spent in this place.
 B = Non-inter-level travel time spent in this place.
 C = Inter-level travel time spent in this place.
 D = Time resting spent in this place.
 E = Time spent auto-exploring this place.
 F = Levels seen in this place.
 G = Mean time per level.
                   A        B        C        D        E       F      G
               +--------+--------+--------+--------+--------+-----+--------+
         Total |   1380 |   1276 |    104 |    551 |    112 |   1 | 1380.0 |
       Dungeon |   1380 |   1276 |    104 |    551 |    112 |   1 | 1380.0 |
               +--------+--------+--------+--------+--------+-----+--------+

Top non-repeatable levels by time:
       D: 1380 daAuts
